 Dungeon Crawl Stone Soup version 0.31-a0-237-g2d982f9f85 (webtiles) character file.

Game seed: 4724867506383102976

182 qw the Shooter (level 5, -5/31 HPs)
             Began as a Gargoyle Hexslinger on July 11, 2023.
             Slain by Pikel
             ... wielding a +2 whip of flaming
              (9 damage)
             ... on level 4 of the Dungeon.
             The game lasted 00:00:46 (1801 turns).

qw the Shooter (Gargoyle Hexslinger)                Turns: 1801, Time: 00:00:47

Health: -5/31      AC:  9    Str: 19    XL:     5   Next: 62%
Magic:  6/6        EV: 11    Int: 17    God:
Gold:   173        SH:  0    Dex: 14    Spells: 5/6 levels left

rFire   . . .        Y - +3 sling (freeze)
rCold   . . .        (no shield)
rNeg    + . .        i - +0 ring mail
rPois   inf          (no helmet)
rElec   +            (no cloak)
rCorr   .            (no gloves)
SInv    +            (no boots)
Will    .....        (no amulet)
Stlth   +            e - ring of Huvij {Will- Str+8 Int+3 SInv}
HPRegen 0.25/turn    n - +4 ring of slaying {mikee}
MPRegen 0.10/turn

%: no passive effects
@: no status effects
A: sickness immunity, AC +4, negative energy resistance 1, electricity
resistance, torment resistance 1, petrification resistance
a: no special abilities


You were on level 4 of the Dungeon.
You visited 1 branch of the dungeon, and saw 4 of its levels.

You collected 173 gold pieces.


Innate Abilities, Weirdness & Mutations

You are immune to sickness and miasma.
Your stone body is resilient. (AC +4)
You are immune to poison.
You resist negative energy. (rN+)
You are resistant to electric shocks. (rElec)
You are resistant to unholy torment.
You are immune to petrification.


   Skills:
 + Level 2.4 Fighting
 - Level 5.0 Ranged Weapons
 - Level 1.3 Armour
 - Level 1.5 Dodging
 - Level 1.0 Spellcasting
 - Level 2.6 Hexes


You had 5 spell levels left.
You knew the following spells:

 Your Spells              Type           Power      Damage    Failure   Level
a - Slow                  Hex            36%        N/A       12%         1

Your spell library contained the following spells:

 Spells                   Type           Power      Damage    Failure   Level
 Inner Flame              Hex/Fire       5%         N/A       54%         3
 Portal Projectile        Hex/Tloc       10%        N/A       54%         3
 Cause Fear               Hex            4%         N/A       77%         4

Inventory:

Hand Weapons
 Y - a +3 sling of freezing (weapon)
Armour
 i - a +0 ring mail (worn)
Jewellery
 e - the ring of Huvij (left hand) {Will- Str+8 Int+3 SInv}
   (You acquired it on level 3 of the Dungeon)

   [ring of see invisible]

   Str:       It affects your strength (+8).
   Int:       It affects your intelligence (+3).
   SInv:      It lets you see invisible.
   Will:      It decreases your willpower.
 f - a ring of protection from cold
 n - a +4 ring of slaying (right hand) {mikee}
Scrolls
 b - 2 scrolls of identify
Potions
 d - a potion of resistance
 h - a potion of might

Dungeon Overview and Level Annotations

Branches:
Dungeon (4/15)
 Temple: D:4-7

Altars:

Shops:
D:3 [

Annotations:
D:4 Pikel


Message History

Pikel burns you. Pikel misses you.
You shoot a sling bullet.
The sling bullet hits Pikel but does no damage.
Pikel is lightly wounded.
Pikel hits you but does no damage.
You shoot a sling bullet.
The sling bullet barely misses the lemure.
Pikel hits you but does no damage. The lemure barely misses you.
You shoot a sling bullet. The sling bullet hits the lemure!
The sling bullet freezes the lemure.
The lemure is almost dead.
Pikel hits you but does no damage. The lemure hits you.
You shoot a sling bullet.
The sling bullet barely misses the lemure. x2
Pikel hits you with a +2 whip of flaming!
Pikel burns you. The lemure misses you.
You shoot a sling bullet. The sling bullet hits the lemure!
The sling bullet freezes the lemure.
You kill the lemure!
That felt strangely unrewarding.
Pikel hits you with a +2 whip of flaming.
Pikel burns you. The lemure closely misses you. x2
Pikel hits you with a +2 whip of flaming.
Pikel burns you.
You shoot a sling bullet. The sling bullet misses Pikel.
The ball python closely misses you. The ball python grabs you.
The ball python constricts you. The ball python barely misses you.
The ball python constricts you. The lemure hits you but does no damage.
Pikel hits you with a +2 whip of flaming.
Pikel burns you.
You shoot a sling bullet. The sling bullet hits the ball python!
The sling bullet freezes the ball python.
You kill the ball python!
The lemure hits you. Pikel hits you but does no damage.
You shoot a sling bullet.
The sling bullet hits Pikel but does no damage.
Pikel is lightly wounded.
The lemure hits you but does no damage.
Pikel hits you with a +2 whip of flaming!
You die...

#...........# ....
#...........#.....
#...........#....
######..##..###..#
#.####'###..###..####
#...#.......#........
#...#.......#........
#..5#.......'........
#..%@.......#........
#.%K#.......#........
#.))####....###..####
#... #....###'#####
#>.. #............#
#... #............#
#... #......<.....#
'... #.....##....##
#..... ####+#


You could see Pikel and a lemure.

Vanquished Creatures
  A lemure (D:4)
  8 gnolls
  4 adders
  A worm (D:3)
  2 dart slugs
  2 orcs (D:3)
  8 endoplasms
  3 giant cockroaches
  6 goblins
  2 hobgoblins
  5 jackals
  A quokka (D:1)
  4 ball pythons
  7 bats
  4 frilled lizards
  4 kobolds
  2 rats
64 creatures vanquished.

Notes
Turn   | Place    | Note
-------+----------+-------------------------------------------
     0 | D:1      | qw the Gargoyle Hexslinger began the quest for the Orb.
     0 | D:1      | Reached XP level 1. HP: 12/12 MP: 2/2
     0 | D:1      | 0 ||| qw: Version: 0.3-a-52-g30416fa
     0 | D:1      | 0 ||| qw: Game counter: 5520
     0 | D:1      | 0 ||| qw: Melee chars always use a shield: true
     0 | D:1      | 0 ||| qw: God list: Okawaru
     0 | D:1      | 0 ||| qw: Allow faded altars: false
     0 | D:1      | 0 ||| qw: Do Orc after clearing Dungeon:15 true
     0 | D:1      | 0 ||| qw: Do second Lair branch before Depths: true
     0 | D:1      | 0 ||| qw: Lair rune preference: random
     0 | D:1      | 0 ||| qw: Goals: Normal
     0 | D:1      | 0 ||| PLANNING D:1-11
   163 | D:1      | Reached XP level 2. HP: 16/16 MP: 3/3
   220 | D:1      | Found a faded altar of an unknown god.
   225 | D:1      | Reached skill level 3 in Ranged Weapons
   543 | D:1      | 543 ||| UPGRADING to +0 leather armour.
   553 | D:1      | 553 ||| DROPPING +0 robe.
   554 | D:1      | 554 ||| UPGRADING to +0 ring mail.
   564 | D:1      | 564 ||| DROPPING +0 leather armour.
   565 | D:1      | 565 ||| UPGRADING to ring of protection from cold.
   566 | D:1      | 566 ||| UPGRADING to +4 ring of slaying {mikee}.
   567 | D:1      | 567 ||| READING scroll labelled NOSESE HASS.
   568 | D:1      | 568 ||| READING scroll labelled TIOCAQICOM.
   569 | D:1      | 569 ||| READING scroll labelled GEIHAKL AHAOXI.
   570 | D:1      | 570 ||| READING 2 scrolls labelled BUETOT CEVIBA.
   571 | D:1      | 571 ||| READING scroll labelled CINOWK ZYIT.
   572 | D:1      | 572 ||| READING scroll labelled KURRIU DO ATA.
   573 | D:1      | 573 ||| READING scroll labelled LUCHOP GYIJ.
   574 | D:1      | 574 ||| DROPPING scroll of poison.
   575 | D:1      | 575 ||| DROPPING scroll of summoning.
   592 | D:2      | Reached XP level 3. HP: 21/21 MP: 4/4
   806 | D:2      | 806 ||| Stepping ~*~*~tactically~*~*~ (outnumbered).
  1149 | D:3      | Reached XP level 4. HP: 26/26 MP: 5/5
  1197 | D:3      | 1197 ||| READING scroll of enchant weapon.
  1197 | D:3      | 1197 ||| ENCHANTING +2 sling of freezing.
  1239 | D:3      | Found Racesef's Antique Armour Boutique.
  1310 | D:3      | Reached skill level 4 in Ranged Weapons
  1316 | D:3      | Reached skill level 1 in Armour
  1323 | D:3      | Reached XP level 5. HP: 30/30 MP: 6/6
  1705 | D:3      | 1705 ||| DROPPING ring of ice.
  1706 | D:3      | 1706 ||| READING scroll labelled RIEPEBR JEUMNIOPOO.
  1706 | D:3      | Identified a scroll of acquirement
  1706 | D:3      | 1706 ||| ACQUIRING ring of Huvij {Will- Str+8 Int+3 SInv}
  1706 | D:3      | Acquired the ring of Huvij {Will- Str+8 Int+3 SInv}
  1708 | D:3      | 1708 ||| UPGRADING to ring of Huvij {Will- Str+8 Int+3
                  | SInv}.
  1710 | D:3      | 1710 ||| READING 3 scrolls labelled UVUN JOUGE.
  1711 | D:3      | 1711 ||| DRINKING 2 ruby potions.
  1712 | D:3      | 1712 ||| READING 4 scrolls of identify.
  1712 | D:3      | 1712 ||| IDENTIFYING fuming golden potion
  1713 | D:3      | 1713 ||| READING 3 scrolls of identify.
  1713 | D:3      | 1713 ||| IDENTIFYING lumpy pink potion
  1714 | D:3      | 1714 ||| READING 2 scrolls of identify.
  1714 | D:3      | 1714 ||| IDENTIFYING emerald potion
  1715 | D:3      | 1715 ||| DROPPING potion of attraction.
  1716 | D:3      | 1716 ||| DROPPING potion of invisibility.
  1717 | D:3      | 1717 ||| DROPPING 2 scrolls of vulnerability.
  1776 | D:4      | Reached skill level 5 in Ranged Weapons
  1787 | D:4      | Noticed Pikel
  1788 | D:4      | Noticed a lemure
  1789 | D:4      | Noticed a lemure
  1798 | D:4      | Killed a lemure
  1799 | D:4      | HP: 7/31 [Pikel/+2 whip of flaming (1)]
  1800 | D:4      | HP: 3/31 [lemure[Pikel] (4)]
  1801 | D:4      | Slain by Pikel

Levels and vault maps discovered:
D:1:      reono_arrival_mine, layout_loops_ring, basic_ecumenical_altar,
          minmay_pentomino_w2
D:2:      layout_basic
D:3:      layout_basic, serial_shops, nicolae_shop_real_fake_doors,
          minmay_distorted
D:4:      layout_gridville, uniq_pikel, uniq_pargi

Skill      XL: |  1  2  3  4  5 |
---------------+----------------+-----
Ranged Weapons | 3 4 5 |  5.0
Fighting       | 2 |  2.4
Armour         | 1 |  1.3
Dodging        | |  1.5
Spellcasting   | |  1.0
Hexes          | |  2.6

Action                     |  1- 3 |  4- 6 || total
---------------------------+-------+-------++-------
   Fire: Sling             |    77 |    70 ||   147
    Use: Scroll            |     7 |     6 ||    13
         Potion            |       |     1 ||     1
 Armour: Robe              |     9 |       ||     9
         Ring mail         |     6 |    10 ||    16
  Dodge: Dodged            |    18 |    21 ||    39

Table legend:
 A = Non-vault XP
 B = Vault XP
 C = Vault XP percentage of total XP
 D = Non-vault monster count
 E = Vault monster count
 F = Vault count percentage of total count
                 A         B        C        D         E       F
            +---------+---------+-------+---------+---------+-------
      Total |     251 |      10 |   3.8 |      58 |       5 |   7.9
            +---------+---------+-------+---------+---------+-------
        D:1 |      23 |       3 |  11.5 |      15 |       2 |  11.8
        D:2 |      48 |       0 |   0.0 |      14 |       0 |   0.0
        D:3 |     117 |       7 |   5.6 |      21 |       3 |  12.5
        D:4 |      63 |       0 |   0.0 |       8 |       0 |   0.0
            +---------+---------+-------+---------+---------+-------
